Map: Lightshade LE

Players

TLHarstem (Harstem)

  • Race: Protoss Protoss
  • Spawn Location: 11:00

maru - Winner!

  • Race: Terran Terran
  • Spawn Location: 5:00

Event: ASUS ROG Online 2020

VOD

Have the link to the VOD?

Description

Time

  • Played on: Nov. 28, 2020, 6:12 a.m.
  • Length: 11:30

All games in this series

Show
View Real Time Build Order
Export as new Build Order

TLHarstem Protoss 

Build Orders: Phoenix Opening, Mass Phoenix 

Get SALT Encoding   

  12  0:09  Pylon  
  12  0:12  Probe  
  13  0:27  Gateway  
  13  0:30  Probe (Chrono Boost)  
  14  0:40  Assimilator, Probe (Chrono Boost)  
  15  0:45  Probe (Chrono Boost)  
  16  0:50  Assimilator  
  16  0:56  Probe  
  17  1:08  Probe  
  18  1:14  Cybernetics Core  
  18  1:20  Probe  
  19  1:29  Pylon  
  19  1:32  Probe  
  20  1:45  Probe  
  21  1:48  Adept (Chrono Boost)  
  21  1:51  Stargate  
  23  1:59  Shield Battery  
  23  2:01  Probe  
  23  2:15  Probe  
  23  2:20  Adept  
  26  2:26  Void Ray (Chrono Boost)  
  30  2:40  Pylon  
  31  2:44  Probe  
  31  3:01  Phoenix (Chrono Boost)  
  33  3:09  Probe  
  36  3:13  Pylon  
  34  3:24  Phoenix (Chrono Boost), Probe  
  37  3:47  Phoenix, Shield Battery  
  37  4:12  Phoenix (Chrono Boost)  
  38  4:19  Nexus  
  38  4:27  Probe  
  38  4:29  Warp Gate  
  39  4:34  Phoenix (Chrono Boost)  
  41  4:39  Probe  
  41  4:41  Pylon  
  42  4:58  Phoenix  
  42  4:59  Probe  
  45  5:04  Stargate  
  45  5:09  Shield Battery  
  45  5:11  Probe  
  46  5:23  Gateway, Probe  
  47  5:30  Phoenix (Chrono Boost)  
  47  5:32  Probe  
  47  5:35  Probe  
  51  5:44  Probe  
  51  5:47  Probe  
  51  5:48  Phoenix  
  55  5:56  Probe  
  56  5:59  Pylon, Probe  
  57  6:08  Probe  
  57  6:10  Robotics Facility  
  58  6:11  Probe  
  58  6:16  Pylon  
  59  6:20  Probe  
  59  6:23  Probe  
  60  6:27  Sentry  
  60  6:30  Assimilator  
  60  6:32  Assimilator, Probe  
  63  6:35  Probe  
  64  6:40  Stalker  
  64  6:44  Probe  
  67  6:47  Probe  
  70  6:56  Probe  
  70  7:00  Probe  
  70  7:07  Robotics Bay  
  68  7:08  Pylon, Probe  
  68  7:12  Zealot, Observer (Chrono Boost), Probe  
  68  7:13  Zealot  
  75  7:15  Pylon  
  75  7:16  Phoenix (Chrono Boost)  
  75  7:20  Probe  
  75  7:21  Pylon  
  78  7:26  Probe  
  78  7:27  Gateway  
  79  7:34  Probe  
  79  7:35  Pylon  
  80  7:38  Immortal (Chrono Boost)  
  80  7:41  Phoenix  
  86  7:59  Nexus  
  86  8:08  Colossus (Chrono Boost)  
  86  8:11  Pylon, Probe  
  93  8:15  Probe  
  93  8:17  Sentry  
  93  8:19  Extended Thermal Lance  
  96  8:25  Shield Battery  
  96  8:29  Probe  
  96  8:30  Probe  
  98  8:37  Protoss Air Weapons Level 1 (Chrono Boost)  
  98  8:41  Probe  
  98  8:42  Probe  
  98  8:46  Zealot x2  
  104  8:53  Probe  
  104  8:54  Probe  
  106  8:57  Colossus (Chrono Boost)  
  112  9:04  Twilight Council  
  112  9:07  Probe  
  114  9:10  Forge  
  114  9:15  Phoenix (Chrono Boost)  
  117  9:19  Zealot x2  
  119  9:24  Gateway  
  119  9:38  Probe  
  120  9:44  Colossus  
  124  9:47  Charge (Chrono Boost)  
  124  9:54  Pylon  
  124  9:57  Gateway, Pylon  
  124  9:58  Shield Battery  
  124  9:59  Assimilator  
  124  10:00  Gateway  
  124  10:02  Gateway  
  124  10:06  Stalker  
  124  10:08  Probe  
  124  10:12  Pylon, Probe  
  124  10:13  Gateway  
  126  10:14  Photon Cannon  
  126  10:19  Zealot x2  
  126  10:21  Observer  
  122  10:30  Pylon  
  122  10:31  Phoenix  
  122  10:32  Zealot x2  
  122  10:39  Templar Archives  
  122  10:48  Zealot x2  
  120  10:55  Zealot x3  
  120  10:56  Phoenix, Zealot  
  127  11:03  Pylon  
  126  11:11  Zealot x4  
Show
View Real Time Build Order
Export as new Build Order

maru Terran - Winner!

Build Orders: Cyclone Opening 

Get SALT Encoding   

  12  0:00  SCV  
  13  0:14  Supply Depot  
  13  0:17  SCV  
  14  0:33  SCV  
  15  0:36  Barracks  
  15  0:43  Refinery  
  15  0:47  SCV  
  16  0:53  Refinery  
  16  0:59  SCV  
  17  1:11  SCV  
  18  1:23  Reaper  
  18  1:24  Orbital Command  
  19  1:32  Supply Depot  
  19  1:42  Factory  
  19  1:51  SCV  
  20  1:55  Marine  
  21  2:02  Bunker  
  21  2:13  Marine  
  21  2:16  SCV  
  22  2:25  Factory Tech Lab  
  22  2:28  SCV  
  23  2:31  Supply Depot  
  23  2:40  SCV  
  23  2:44  Cyclone  
  27  2:47  Starport  
  27  2:52  SCV  
  28  3:03  Mag-Field Accelerator  
  28  3:04  SCV  
  28  3:17  SCV  
  28  3:18  Cyclone  
  32  3:29  SCV  
  32  3:31  Viking  
  34  3:37  Supply Depot  
  34  3:41  SCV  
  32  3:50  Cyclone  
  35  3:57  SCV  
  34  4:08  Viking  
  36  4:15  Marine  
  37  4:28  Cyclone  
  37  4:29  SCV  
  41  4:39  Marine  
  42  4:46  Command Center  
  42  4:56  SCV  
  43  5:00  Barracks Reactor  
  43  5:03  Supply Depot, Siege Tank  
  46  5:09  SCV  
  46  5:17  Barracks, Starport Tech Lab  
  46  5:34  SCV  
  47  5:35  Cyclone  
  47  5:37  Marine x2  
  52  5:50  Viking  
  52  5:55  Marine  
  52  5:56  Engineering Bay  
  55  5:57  Marine  
  55  5:59  SCV  
  57  6:06  Supply Depot, Marine  
  58  6:13  Cyclone, Marine  
  62  6:19  Orbital Command  
  62  6:26  Missile Turret, SCV  
  63  6:33  Marine x2  
  63  6:38  SCV  
  64  6:45  Missile Turret, SCV  
  65  6:49  Stimpack  
  65  6:51  SCV  
  66  6:57  SCV  
  65  7:03  SCV, Marine x3  
  65  7:08  Terran Infantry Weapons Level 1  
  68  7:09  Starport Reactor, SCV  
  68  7:15  SCV  
  70  7:20  Supply Depot  
  70  7:21  SCV  
  71  7:25  Command Center  
  71  7:28  Siege Tank  
  74  7:30  SCV  
  74  7:33  SCV  
  75  7:38  Barracks  
  75  7:41  Supply Depot  
  75  7:45  SCV  
  75  7:46  Missile Turret, SCV  
  75  7:48  Marine  
  75  7:49  Marauder, Marine  
  81  7:56  Medivac  
  81  7:57  Medivac  
  85  7:59  Refinery  
  85  8:01  SCV  
  85  8:02  SCV  
  85  8:03  Supply Depot  
  87  8:10  Siege Tank  
  90  8:15  SCV  
  90  8:19  Refinery  
  91  8:20  Marine  
  91  8:21  Marauder  
  91  8:24  SCV, Marine  
  91  8:27  Supply Depot, Barracks Tech Lab  
  96  8:32  Combat Shield  
  95  8:37  SCV  
  95  8:38  Marine  
  97  8:41  Orbital Command  
  97  8:42  Marine x2  
  97  8:47  SCV  
  100  8:53  SCV  
  95  8:57  Marauder, Marine  
  95  9:00  Marauder, Marine  
  101  9:07  Viking x2  
  105  9:12  Siege Tank  
  108  9:19  Orbital Command, SCV x2  
  108  9:20  Supply Depot  
  110  9:24  Missile Turret  
  110  9:26  Missile Turret  
  110  9:31  Concussive Shells  
  110  9:33  Marauder x2, Marine x2  
  110  9:36  SCV  
  110  9:38  SCV  
  114  9:48  SCV  
  114  9:49  SCV  
  114  9:50  SCV  
  114  9:52  Viking x2  
  121  9:57  Marine x4  
  125  10:00  SCV  
  126  10:11  Missile Turret  
  126  10:14  Missile Turret  
  126  10:15  Siege Tank  
  126  10:21  Marauder, Marine  
  132  10:26  Marauder, Marine  
  127  10:31  Viking  
  125  10:37  Missile Turret  
  125  10:38  Missile Turret  
  125  10:39  Marine  
  125  10:42  Missile Turret  
  128  10:43  Marauder  
  128  10:49  Siege Tank  
  131  10:50  SCV x2  
  131  10:56  SCV  
  131  10:57  Missile Turret  
  131  11:05  Missile Turret  
  131  11:11  Marine  
  131  11:14  Bunker  
  131  11:18  Bunker  
Tags
 
Add a new tag
Caveats
  • Supply blocks, unpowered buildings, or Contaminate may cause inaccurate times.
  • Supply counts are checked every 10 seconds.